 Dungeon Crawl Stone Soup version 0.28.0-45-g0d030f2227 (webtiles) character file.

Game seed: 2075436849717179925

35 NinjaNoafa the Ruffian (level 3, 0/28 HPs)
             Began as a Draconian Transmuter on Apr 5, 2022.
             Succumbed to Terence's poison
             ... on level 2 of the Dungeon.
             The game lasted 00:02:13 (1417 turns).

NinjaNoafa the Ruffian (Draconian Transmuter)       Turns: 1417, Time: 00:02:14

Health: 0/28       AC:  6    Str: 12    XL:     3   Next: 16%
Magic:  5/6        EV: 12    Int: 15    God:
Gold:   38         SH:  0    Dex: 11    Spells: 5/6 levels left

rFire   . . .      SeeInvis .     - Unarmed
rCold   . . .      Faith    .   (no shield)
rNeg    . . .      Spirit   .   (armour unavailable)
rPois   .          Reflect  .   (helmet currently unavailable)
rElec   .          Harm     .   (no cloak)
rCorr   .          Rampage  .   i - +0 pair of gloves
Will    .....                   (boots currently unavailable)
Stlth   +.........              (no amulet)
HPRegen 0.09/turn               e - ring of wizardry
MPRegen 0.10/turn               (no ring)

@: lethally poisoned (0 -> -8), appendages (expiring), slowed, very slow
A: horns 2, talons 2, AC +5, unfitting armour, cold-blooded
a: End Transformation


You were on level 2 of the Dungeon.
You had temporarily grown beastly horns and talons.
You visited 1 branch of the dungeon, and saw 2 of its levels.

You collected 38 gold pieces.

Inventory:

Hand Weapons
 f - a +0 vampiric dagger
Missiles
 b - 17 stones
Armour
 i - a +0 pair of gloves (worn)
Jewellery
 e - a ring of wizardry (left hand)
Scrolls
 a - a scroll of fog {unknown}
 c - a scroll of enchant weapon {unknown}
 g - a scroll of enchant armour {unknown}
 h - a scroll of torment {unknown}
Potions
 d - a potion of flight {unknown}


   Skills:
 + Level 1.6 Fighting
 + Level 2.0 Dodging
 * Level 3.5 Unarmed Combat
 + Level 2.2 Spellcasting
 + Level 2.2 Transmutations


You had 5 spell levels left.
You knew the following spells:

 Your Spells              Type           Power      Damage    Failure   Level
a - Beastly Appendage     Tmut           16%        N/A       3%          1

Your spell library contained the following spells:

 Spells                   Type           Power      Damage    Failure   Level
 Wereblood                Tmut           8%         N/A       5%          2
 Spider Form              Tmut/Pois      5%         N/A       16%         3
 Ice Form                 Ice/Tmut       5%         N/A       45%         4


Dungeon Overview and Level Annotations

Branches:
Dungeon (2/15)

Altars:

Annotations:
D:2 Terence


Innate Abilities, Weirdness & Mutations

You have temporarily grown beastly horns and talons.
Your plain brown scales are hard. (AC +5)
You cannot fit into any form of body armour.
You are cold-blooded and may be slowed by cold attacks.


Message History

Found a pair of gloves.
There is a stone staircase leading up here.
You see here a +0 pair of gloves.
i - a +0 pair of gloves You start putting on your armour.
You continue putting on your +0 pair of gloves. x4
You finish putting on your +0 pair of gloves.
Found a stone staircase leading up.
As you open the door, it creaks loudly!
Terence and an endoplasm come into view.
Terence is wielding a +2 hand axe of venom.
Terence shouts!
The endoplasm quivers.
There is an open door here.
The endoplasm freezes you.
You are frozen.
Casting: Beastly Appendage (safe; 3% risk of failure)
Confirm with . or Enter, or press ? or * to list all spells.
You grow a pair of large bovine horns.
Your feet morph into talons.
Your transformation is almost over.
Terence looks scornfully at you. The endoplasm freezes you.
You are frozen.
You feel yourself slow down.
Terence hits you with a +2 hand axe of venom.
You are poisoned.
Casting: Beastly Appendage (safe; 3% risk of failure)
Confirm with . or Enter, or press ? or * to list all spells.
Okay, then.
Unknown command.
You closely miss Terence. You claw Terence, but do no damage.
Your punch misses Terence.
You feel very sick. The endoplasm freezes you.
You are frozen.
* * * LOW HITPOINT WARNING * * *
You feel as though you will be slow longer.
Terence hits you with a +2 hand axe of venom.
* * * LOW HITPOINT WARNING * * *
The endoplasm hits you but does no damage.
You die...

##.....## #.........#
##.......######.##.###
#.........####<..#.###
+.........+...........
#.........####...#.##.
#.......# ##.##.##.
#@J...# #.#..##. #...#
#.#.###. ##@##
#.#.###. #.# #.......
#.# ###.####
##.####### #.#
##...##...# #.#
###.......#.#####.#
#......##.........#
#.##...############
........#


You could see Terence and an endoplasm.

Vanquished Creatures
  5 endoplasms (D:1)
  3 goblins (D:1)
  4 hobgoblins (D:1)
  2 jackals (D:1)
  2 quokkas (D:1)
  2 ball pythons (D:1)
  3 bats (D:1)
  A frilled lizard (D:1)
  7 kobolds (D:1)
  3 rats (D:1)
32 creatures vanquished.

Notes
Turn   | Place    | Note
-------+----------+-------------------------------------------
     0 | D:1      | NinjaNoafa the Draconian Transmuter began the quest for the
                  | Orb.
     0 | D:1      | Reached XP level 1. HP: 16/16 MP: 3/3
   276 | D:1      | Reached XP level 2. HP: 23/23 MP: 5/5
   930 | D:1      | Reached XP level 3. HP: 27/28 MP: 6/6
  1412 | D:2      | Noticed Terence
  1417 | D:2      | Succumbed to Terence's poison

Illustrated notes

Levels and vault maps discovered:
D:1:      dpeg_arrival_court, layout_basic
D:2:      layout_loops_corners, basic_altar, uniq_terence

Skill      XL: |  1  2 |
---------------+-------+-----
Dodging        | 2 |  2.0
Fighting       | |  1.6
Unarmed Combat | |  3.5
Spellcasting   | |  2.2
Transmutations | |  2.2

Action                   || total
-------------------------++-------
Melee: Unarmed           ||    92
       Tailslap          ||     8
       Headbutt          ||     2
       Kick              ||     5
       Punch             ||     2
 Cast: Beastly Appendage ||     8
Armor: Skin              ||    32
Dodge: Dodged            ||    57
